 Dungeon Crawl Stone Soup version 0.31-a0-121-g1e386dd289 (webtiles) character file.

Game seed: 4848283847480260973

75 mopl the Stinger (level 4, -1/30 HPs)
             Began as a Formicid Venom Mage on May 31, 2023.
             Slain by Natasha (7 damage)
             ... on level 3 of the Dungeon.
             The game lasted 00:02:34 (1578 turns).

mopl the Stinger (Formicid Venom Mage)              Turns: 1578, Time: 00:02:35

Health: -1/30      AC:  2    Str: 12    XL:     4   Next: 55%
Magic:  1/8        EV: 12    Int: 17    God:
Gold:   125        SH:  0    Dex: 14    Spells: 8/9 levels left

rFire   . . .        h - +0 spear
rCold   . . .        (no shield)
rNeg    . . .        a - +0 robe
rPois   .            (helmet unavailable)
rElec   .            (no cloak)
rCorr   .            (no gloves)
SInv    +            (no boots)
Will    .....        (no amulet)
Stlth   ++           (no ring)
HPRegen 0.25/turn    (no ring)
MPRegen 0.11/turn

%: no passive effects
@: very slightly contaminated
A: permanent stasis, dig shafts and tunnels, antennae 3, four strong arms
a: Dig, Shaft Self


You were on level 3 of the Dungeon.
You visited 1 branch of the dungeon, and saw 3 of its levels.

You collected 125 gold pieces.

Inventory:

Hand Weapons
 h - a +0 spear (weapon)
Armour
 a - a +0 robe (worn)
Magical Staves
 f - a staff of air
Scrolls
 d - a scroll of fear {unknown}
 g - a scroll of identify {unknown}
 i - 2 scrolls of enchant weapon {unknown}
 j - 2 scrolls of vulnerability {unknown}
 k - a scroll of noise {unknown}
 n - a scroll of blinking {unknown}
Potions
 b - a potion of magic
 c - 2 potions of curing
 e - a potion of lignification {unknown}
 l - a potion of might {unknown}
 m - a potion of mutation {unknown}
 o - a potion of heal wounds {unknown}
 p - a potion of haste {unknown}


   Skills:
 - Level 1.7 Dodging
 - Level 2.4 Stealth
 - Level 3.0 Spellcasting
 - Level 1.1 Transmutations
 + Level 6.1 Poison Magic


You had 8 spell levels left.
You knew the following spells:

 Your Spells              Type           Power      Damage    Failure   Level
a - Sting                 Tmut/Pois      56%        1d5       4%          1

Your spell library contained the following spells:

 Spells                   Type           Power      Damage    Failure   Level
 Poisonous Vapours        Pois/Air       24%        N/A       8%          2
 Olgreb's Toxic Radiance  Pois           23%        N/A       14%         4
 Magic Dart               Conj           8%         1d3       17%         1
 Mephitic Cloud           Conj/Pois/Air  9%         N/A       22%         3
 Call Imp                 Summ           4%         N/A       26%         2
 Lesser Beckoning         Tloc           4%         N/A       26%         2
 Gell's Gravitas          Tloc           2%         N/A       45%         3
 Inner Flame              Hex/Fire       2%         N/A       45%         3
 Teleport Other           Tloc           2%         N/A       45%         3
 Flame Wave               Conj/Fire      2%         2d4       86%         4
 Sticky Flame             Conj/Fire      2%         2d3       86%         4


Dungeon Overview and Level Annotations

Branches:
Dungeon (3/15)

Altars:

Annotations:
D:3 Natasha


Innate Abilities, Weirdness & Mutations

You cannot be hasted, slowed, berserked, paralysed or teleported.
You can dig through walls and to a lower floor.
You have a pair of large antennae on your head. (SInv)
Your four strong arms can wield two-handed weapons with a shield.


Message History

Natasha mumbles some strange words.
You feel disoriented.
The sting hits Natasha.
Natasha looks even sicker.
Natasha is heavily wounded.
Natasha claws you!
The sting hits Natasha.
Natasha looks even sicker.
Natasha is heavily wounded.
Natasha claws you!
The sting hits Natasha.
Natasha looks as sick as possible!
Natasha is severely wounded.
Natasha stares at you and mumbles some strange words.
The magic dart hits you.
You are too injured to fight recklessly!
You are too injured to fight recklessly!
Casting: Sting (safe; 4% risk of failure)
Confirm with . or Enter, or press ? or * to list all spells.
Aiming: Sting (safe; 4% risk of failure)
Press: ? - help, Shift-Dir - straight line, f/p - Natasha
Aim: Natasha (severely wounded, extremely poisoned, 64% to hit)
You miscast Sting.
You are very lightly contaminated with residual magic.
Nothing appears to happen.
Natasha misses you.
Unknown command.
Casting: Sting (safe; 4% risk of failure)
Confirm with . or Enter, or press ? or * to list all spells.
Aiming: Sting (safe; 4% risk of failure)
Press: ? - help, Shift-Dir - straight line, f/p - Natasha
Aim: Natasha (almost dead, extremely poisoned, 64% to hit)
The sting hits Natasha but does no damage.
Natasha looks as sick as possible!
Natasha is almost dead.
Natasha claws you.
* * * LOW HITPOINT WARNING * * *
Casting: Sting (safe; 4% risk of failure)
Confirm with . or Enter, or press ? or * to list all spells.
Aiming: Sting (safe; 4% risk of failure)
Press: ? - help, Shift-Dir - straight line, f/p - Natasha
Aim: Natasha (almost dead, extremely poisoned, 64% to hit)
You miscast Sting.
Nothing appears to happen.
Natasha claws you!
You die...

........).........##.###.########
#.########........###...## #.....
#.# ####.###.# ##.## #.#### #.#
#.# .# #.# #.# #.# #.# .# #.# #.#
#.# #.# .# #.#####.####
..######## #.# .# #...........
.......... #.###h# #######.####
#.#######. #...@.# ######.####
##.# #..#### #...)..†... #.##
#..# #.####^#### .## #.###..#
#.####..... ## #......#
#.##>...... ##############.#
#####.##.###### ...>..... ##.##
#.....##.#
#########.###.#.###.######.# #
........###....# #.#


You could see Natasha (extremely poisoned).

Vanquished Creatures
  3 adders (D:2)
  A worm (D:3)
  2 dart slugs (D:3)
  4 ball pythons
  4 bats
  6 endoplasms
  A giant cockroach (D:1)
  4 goblins
  A hobgoblin (D:1)
  4 quokkas
  2 frilled lizards
  4 kobolds
  5 rats
41 creatures vanquished.

Notes
Turn   | Place    | Note
-------+----------+-------------------------------------------
     0 | D:1      | mopl the Formicid Venom Mage began the quest for the Orb.
     0 | D:1      | Reached XP level 1. HP: 13/13 MP: 3/3
   101 | D:1      | Reached XP level 2. HP: 19/19 MP: 0/5
   404 | D:1      | Found a faded altar of an unknown god.
   601 | D:2      | Reached XP level 3. HP: 24/24 MP: 7/7
   645 | D:2      | Reached skill level 3 in Spellcasting
   645 | D:2      | Reached skill level 5 in Poison Magic
   775 | D:2      | Identified the +0 robe of Dawn {-Cast *Slow rN+++ rCorr}
   801 | D:2      | Reached XP level 4. HP: 9/30 MP: 3/8
  1400 | D:3      | Reached skill level 6 in Poison Magic
  1571 | D:3      | Noticed Natasha
  1578 | D:3      | Slain by Natasha

Illustrated notes

Levels and vault maps discovered:
D:1:      lightli_arrival_windingriver, layout_rooms,
          shapermc_ecumenical_altar_starsandcircs
D:2:      layout_basic
D:3:      layout_loops_ring, uniq_natasha

Skill      XL: |  1  2  3  4 |
---------------+-------------+-----
Spellcasting   | 3 |  3.0
Poison Magic   | 5 6 |  6.1
Dodging        | |  1.7
Stealth        | |  2.4
Transmutations | |  1.1

Action                     |  1- 3 |  4- 6 || total
---------------------------+-------+-------++-------
  Melee: Unarmed           |    10 |       ||    10
         Spear             |    20 |     7 ||    27
         Punch             |       |     1 ||     1
   Cast: Sting             |    43 |    32 ||    75
    Use: Potion            |       |     1 ||     1
 Armour: Robe              |     9 |     1 ||    10
  Dodge: Dodged            |    36 |     6 ||    42

Table legend: (Time is in decaauts)
 A = Elapsed time spent in this place.
 B = Non-inter-level travel time spent in this place.
 C = Inter-level travel time spent in this place.
 D = Time resting spent in this place.
 E = Time spent auto-exploring this place.
 F = Levels seen in this place.
 G = Mean time per level.
                   A        B        C        D        E       F      G
               +--------+--------+--------+--------+--------+-----+--------+
         Total |   1582 |   1520 |     62 |    225 |    965 |   3 |  527.3 |
       Dungeon |   1582 |   1520 |     62 |    225 |    965 |   3 |  527.3 |
               +--------+--------+--------+--------+--------+-----+--------+

Top non-repeatable levels by time:
     D:2: 639 daAuts
     D:1: 561 daAuts
     D:3: 382 daAuts
